 Dungeon Crawl Stone Soup version 0.31-a0-102-g33a4ccc0cb (webtiles) character file.

Game seed: 9465653979329080185

25 Esekla the Sneak (level 3, -1/26 HPs)
             Began as an Octopode Delver on May 26, 2023.
             Slain by an orc
             ... wielding a +0 club
              (3 damage)
             ... on level 5 of the Dungeon.
             The game lasted 00:01:43 (155 turns).

Esekla the Sneak (Octopode Delver)                   Turns: 155, Time: 00:01:43

Health: -1/26      AC:  1    Str: 11    XL:     3   Next: 6%
Magic:  3/3        EV: 13    Int: 14    God:
Gold:   0          SH:  0    Dex: 13    Spells: 2/2 levels left

rFire   . . .        a - +0 falchion
rCold   . . .        (no shield)
rNeg    . . .        (helmet restricted)
rPois   .            (no amulet)
rElec   .            (no ring)
rCorr   .            (no ring)
SInv    .            (no ring)
Will    .....        (no ring)
Stlth   +++++        (no ring)
HPRegen 0.24/turn    (no ring)
MPRegen 0.08/turn    (no ring)
                     (no ring)

%: no passive effects
@: hasted, very quick
A: almost no armour, amphibious, 8 rings, camouflage 1, gelatinous body 1,
(nimble swimmer 1), tentacles
a: no special abilities


You were on level 5 of the Dungeon.
You visited 1 branch of the dungeon, and saw 1 of its levels.

Inventory:

Hand Weapons
 a - a +0 falchion (weapon)
Wands
 f - a wand of digging (2)
Scrolls
 b - a scroll of fog
 d - a scroll of fear
 g - a scroll of identify {unknown}


   Skills:
 * Level 3.1 Fighting
 * Level 2.1 Long Blades
 * Level 2.1 Dodging
 + Level 7.4 Stealth
 * Level 0.1 Spellcasting


You had 2 spell levels left.
You didn't know any spells.
Your spell library was empty.

Dungeon Overview and Level Annotations

Branches:
Dungeon (5/15)
 Temple: D:4-7

Altars:

Shops:
D:5 *


Innate Abilities, Weirdness & Mutations

You cannot wear most types of armour.
You are amphibious.
You can wear up to eight rings at the same time.
Your skin changes colour to match your surroundings (Stealth+).
Your rubbery body absorbs attacks. (AC +1, EV +1)
((You are camouflaged when in or above water. (Stealth+)))
You have tentacles for arms and can constrict up to eight enemies at once.


Message History

Aiming: Dig
Press: ? - help, Shift-Dir - straight line A rock wall.
The rock shatters into small pieces.
Found 10 gold pieces and a potion of curing.
Found a scroll labelled CUOSOA HUDAF.
Found 15 gold pieces.
A phantom comes into view.
Found a fuming puce potion.
An orc comes into view. It is wielding a +0 dagger.
Found Yplahoasm's Assorted Antiques.
The orc shouts!
You hear a shout!
An orc comes into view. It is wielding a +0 club.
You feel yourself speed up.
An orc comes into view. It is wielding a +0 club.
The ice beast hits you. The ice beast freezes you!
A worm comes into view.
You enter the deep water.
Found a glowing wooden ring.
There is an entrance to Yplahoasm's Assorted Antiques here.
You can access your shopping list by pressing '$'.
The ufetubus shouts!
You open the door.
There is an open door here.
The ufetubus hits you. The ufetubus barely misses you.
You hit the ufetubus but do no damage. Your grab misses the ufetubus.
Your squeeze misses the ufetubus. The ufetubus closely misses you.
The ufetubus misses you. The ufetubus barely misses you. x2
You hit the ufetubus.
You kill the ufetubus!
You have reached level 3!
Your experience leads to an increase in your attributes!
Increase (S)trength, (I)ntelligence, or (D)exterity?
You feel clever. x2
A worm comes into view.
A hound comes into view.
The worm bites you!
* * * LOW HITPOINT WARNING * * *
The orc hits you with a +0 club.
You die...

+***,,,,,,,,*,,..#+#..#,,,,,,....
,,,,,,,,,,,,*###+≈.#8.#,,,,,,....
,,,,,,,,,,,,,#.#≈≈.###,,,,,,,....
,,*******,,,,#.'..∩..+,,,,,,,....
****,,,**,,,,#Y###W≈≈##########!.
,,**,,<,,.,,*#..8#.≈..........#..
,,,,,,,,,...##...#+#.......$..#..
,,,,,,,,,......w.#....##......###
,,,,,,,,,h......@##...##.........
,,,,,,,,.........o.o.............
,,,,,,,,...w...=.................
,,,,,,,,.........................
,,***,,*#######..###..####...###.
,,********,,**####*#..#**#.?.#*#.
,,,,,,,,*,,,,,,,,,,#.............
,,,,,,,,*>,,,,,,,,,#.,...........
,,,,,,,,*,,,,,,,,,,#,,,....!.....


You could see an ice beast, 2 worms, a hound (wandering) and 2 orcs.

Vanquished Creatures
  2 adders (D:5)
  An ufetubus (D:5)
  An orc (D:5)
4 creatures vanquished.

Notes
Turn   | Place    | Note
-------+----------+-------------------------------------------
     0 | D:5      | Esekla the Octopode Delver began the quest for the Orb.
     0 | D:5      | Reached XP level 1. HP: 16/16 MP: 1/1
    38 | D:5      | Reached skill level 7 in Stealth
    38 | D:5      | Reached XP level 2. HP: 4/21 MP: 2/2
   100 | D:5      | Noticed an ice beast
   125 | D:5      | Noticed a phantom
   131 | D:5      | Found Yplahoasm's Assorted Antiques.
   152 | D:5      | Reached XP level 3. HP: 11/26 MP: 3/3
   155 | D:5      | Slain by an orc

Illustrated notes

Levels and vault maps discovered:
D:5:      layout_gridville, serial_shops, nicolae_shop_hallway_plus,
          minmay_ruined_shrine

Skill      XL: |  1 |
---------------+----+-----
Stealth        | 7 |  7.4
Fighting       | |  3.1
Long Blades    | |  2.1
Dodging        | |  2.1
Spellcasting   | |  0.1

Action                     || total
---------------------------++-------
  Melee: Falchion          ||    11
         Constrict         ||     3
  Evoke: Wand              ||     1
    Use: Scroll            ||     1
         Potion            ||     2
   Stab: Sleeping          ||     1
  Dodge: Dodged            ||    10

Table legend: (Time is in decaauts)
 A = Elapsed time spent in this place.
 B = Non-inter-level travel time spent in this place.
 C = Inter-level travel time spent in this place.
 D = Time resting spent in this place.
 E = Time spent auto-exploring this place.
 F = Levels seen in this place.
 G = Mean time per level.
                   A        B        C        D        E       F      G
               +--------+--------+--------+--------+--------+-----+--------+
         Total |    149 |    149 |      0 |     30 |     21 |   1 |  149.0 |
       Dungeon |    149 |    149 |      0 |     30 |     21 |   1 |  149.0 |
               +--------+--------+--------+--------+--------+-----+--------+

Top non-repeatable levels by time:
     D:5: 149 daAuts
